 Dungeon Crawl Stone Soup version 0.31.0-7-gf635a9b802 (webtiles) character file.

Game seed: 4948842994872304319

22 Esekla the Grasshopper (level 2, -1/17 HPs)
             Began as a Tengu Warper on Jan 23, 2024.
             Succumbed to an adder's poison
             ... on level 2 of the Dungeon.
             The game lasted 00:03:26 (749 turns).

Esekla the Grasshopper (Tengu Warper)                Turns: 749, Time: 00:03:27

Health: -1/17      AC:  4    Str: 11    XL:     2   Next: 91%
Magic:  6/6        EV: 12    Int: 13    God:
Gold:   39         SH:  0    Dex: 13    Spells: 5/5 levels left

rFire   . . .        a - +0 falchion
rCold   . . .        (no shield)
rNeg    . . .        b - +0 leather armour
rPois   .            (helmet restricted)
rElec   .            g - +0 cloak
rCorr   .            (no gloves)
SInv    .            (boots unavailable)
Will    .....        (no amulet)
Stlth   +            (no ring)
HPRegen 0.22/turn    (no ring)
MPRegen 0.10/turn

%: acrobat
@: lethally poisoned (-1 -> -8)
A: beak, talons 3, acrobatic
a: no special abilities


You were on level 2 of the Dungeon.
You visited 1 branch of the dungeon, and saw 2 of its levels.

You collected 39 gold pieces.

Inventory:

Hand Weapons
 a - a +0 falchion (weapon)
 r - a +0 spear
 s - a +0 dagger
Armour
 b - a +0 leather armour (worn)
 g - a +0 cloak (worn)
Scrolls
 c - 2 scrolls of blinking
 e - a scroll of teleportation {unknown}


   Skills:
 + Level 2.1 Fighting
 * Level 2.2 Long Blades
 + Level 1.0 Throwing
 + Level 1.4 Armour
 * Level 2.3 Dodging
 * Level 2.0 Spellcasting
 + Level 3.0 Translocations


You had 5 spell levels left.
You didn't know any spells.
Your spell library contained the following spells:

 Spells                   Type           Power      Damage    Failure   Level
 Blink                    Tloc           18%        N/A       14%         2
 Lesser Beckoning         Tloc           18%        N/A       14%         2
 Teleport Other           Tloc           9%         N/A       28%         3
 Manifold Assault         Tloc           9%         N/A       67%         4
 Vhi's Electric Charge    Tloc/Air       10%        N/A       87%         4


Dungeon Overview and Level Annotations

Branches:
Dungeon (2/15)

Altars:


Innate Abilities, Weirdness & Mutations

You have a beak for a mouth.
You have claws for feet.
You can magically evade attacks while moving or waiting.


Message History

You barely miss the hobgoblin.
The hobgoblin hits you but does no damage.
You closely miss the hobgoblin. Your peck misses the hobgoblin.
The hobgoblin hits you.
You barely miss the hobgoblin. Your kick misses the hobgoblin.
The hobgoblin closely misses you.
You barely miss the hobgoblin. Your peck misses the hobgoblin.
The hobgoblin misses you. The hobgoblin closely misses you.
You hit the hobgoblin.
You kill the hobgoblin!
The adder hisses angrily.
You now have 39 gold pieces (gained 12).
Found 9 stones.
You closely miss the adder. The adder bites you.
You closely miss the adder. The adder bites you. The adder closely misses you.
You completely miss the adder. The adder barely misses you.
You hit the adder.
The adder is lightly wounded.
The adder bites you but does no damage. x2
You closely miss the adder.
The adder is lightly wounded.
The adder bites you.
You are poisoned.
The adder poisons you!
You hit the adder but do no damage.
The adder is lightly wounded.
You feel sick. The adder bites you. x2
* * * LOW HITPOINT WARNING * * *
You are more poisoned.
The adder poisons you!
You aren't carrying any potions.
Okay, then.
You barely miss the adder.
The adder is lightly wounded.
* * * LOW HITPOINT WARNING * * *
You feel very sick. The adder bites you but does no damage.
The adder closely misses you.
You closely miss the adder. Your kick misses the adder.
The adder is lightly wounded.
You die...

#...####### #.# #..
##...# #.# #.# #....#
#.# #S# #..#.### #.#
#.# #....†.# ##.###.#
#.##...#######...##.#
#.##.........).#....#
#.##...#######...####
#..S@..# #...S.##
####.#.# #.#<###
#.#.# #. ##.# #.#....
... #.#..# #### #.#.
... .(#


You could see an adder.

Vanquished Creatures
  A dart slug (D:2)
  A ball python (D:1)
  3 endoplasms (D:1)
  A giant cockroach (D:1)
  A goblin (D:1)
  3 hobgoblins
  3 jackals (D:1)
  2 kobolds (D:1)
  A rat (D:1)
16 creatures vanquished.

Notes
Turn   | Place    | Note
-------+----------+-------------------------------------------
     0 | D:1      | Esekla the Tengu Warper began the quest for the Orb.
     0 | D:1      | Reached XP level 1. HP: 12/12 MP: 4/4
   303 | D:1      | Reached XP level 2. HP: 15/17 MP: 6/6
   727 | D:2      | Reached skill level 3 in Translocations
   749 | D:2      | Succumbed to an adder's poison

Illustrated notes

Levels and vault maps discovered:
D:1:      zelgadis_glass_arrival_large, layout_loops_ring
D:2:      layout_loops_ring, uniq_jessica

Skill      XL: |  1  2 |
---------------+-------+-----
Translocations | 3 |  3.0
Fighting       | |  2.1
Long Blades    | |  2.2
Throwing       | |  1.0
Armour         | |  1.4
Dodging        | |  2.3
Spellcasting   | |  2.0

Action                     || total
---------------------------++-------
  Melee: Falchion          ||    47
         Kick              ||     5
         Peck              ||     2
 Armour: Leather armour    ||    26
  Dodge: Dodged            ||    26
